 Dungeon Crawl Stone Soup version 0.28-a0-657-g71136c5590 (webtiles) character file.

Game seed: 10051257789992407030

2454 bjtr the Covered (level 9, -6/67 HPs)
             Began as a Demigod Conjurer on Oct 14, 2021.
             Mangled by a boulder beetle (38 damage)
             ... on level 7 of the Dungeon.
             The game lasted 00:34:56 (8826 turns).

bjtr the Covered (Demigod Conjurer)                 Turns: 8826, Time: 00:34:57

Health: -6/67      AC: 10    Str:  8    XL:     9   Next: 5%
Magic:  15/20      EV: 11    Int: 32    God:
Gold:   48         SH:  0    Dex: 12    Spells: 4/17 levels left

rFire   . . .      SeeInvis .   a - +0 scimitar
rCold   . . .      Faith    .   (no shield)
rNeg    . . .      Spirit   .   k - +0 ring mail
rPois   .          Reflect  .   D - +0 helmet
rElec   .          Harm     .   (no cloak)
rCorr   .          Rampage  .   o - +0 pair of gloves
Will    .....                   x - +0 pair of boots
Stlth   +.........              (no amulet)
HPRegen 0.21/turn               (no ring)
MPRegen 0.17/turn               (no ring)

@: hasted, very quick
A: high mp 1, forlorn
a: no special abilities


You were on level 7 of the Dungeon.
You visited 1 branch of the dungeon, and saw 7 of its levels.

You collected 378 gold pieces.
You spent 330 gold pieces at shops.

Inventory:

Hand Weapons
 a - a +0 scimitar (weapon)
 b - a +2 hunting sling of freezing
 n - a +0 hand axe
 t - a +2 vampiric dagger
 u - a +0 rapier
 y - a +1 hand axe of flaming
 A - a +0 spear of venom
 E - a +0 vorpal flail
 F - a +5 whip of holy wrath
 H - a +0 battleaxe
Missiles
 d - 165 stones
 g - 50 sling bullets
 p - 5 boomerangs
 s - a throwing net
 w - 112 bolts
 C - 11 poisoned darts
Armour
 e - a +0 robe of fire resistance
 k - a +0 ring mail (worn)
 o - a +0 pair of gloves (worn)
 x - a +0 pair of boots (worn)
 D - a +0 helmet (worn)
 G - a +2 robe of positive energy
Jewellery
 i - an amulet of guardian spirit
Wands
 z - a wand of flame (12)
Scrolls
 f - 2 scrolls of amnesia
 v - a scroll of silence
Potions
 h - 2 potions of brilliance
 j - a potion of berserk rage
 l - 3 potions of curing
 m - a potion of flight
 q - a potion of mutation
 r - 3 potions of might


   Skills:
 + Level 2.1 Fighting
 - Level 7.3 Armour
 + Level 4.1 Dodging
 - Level 1.7 Stealth
 + Level 4.9 Spellcasting
 + Level 6.5 Conjurations


You had 4 spell levels left.
You knew the following spells:

 Your Spells              Type           Power      Damage    Failure   Level
a - Magic Dart            Conj           100%       1d8       1%          1
b - Searing Ray           Conj           98%        2d8       1%          2
c - Iskenderun's Mystic   Conj/Tloc      28%        2d7       34%         4
d - Scorch                Fire           16%        2d5       21%         2
e - Flame Wave            Conj/Fire      29%        3d7       34%         4

Your spell library contained the following spells:

 Spells                   Type           Power      Damage    Failure   Level
 Dazzling Flash           Conj/Hex       56%        N/A       11%         3
 Wereblood                Tmut           7%         N/A       21%         2
 Fulminant Prism          Conj/Hex       14%        3d9       34%         4
 Animate Dead             Necr           3%         N/A       80%         4
 Petrify                  Tmut/Erth      7%         N/A       80%         4
 Summon Cactus Giant      Summ           3%         N/A       100%        6
 Haunt                    Necr/Summ      3%         N/A       100%        7
 Orb of Destruction       Conj           24%        9d10      100%        7
 Storm Form               Tmut/Air       3%         N/A       100%        7
 Infestation              Necr           3%         N/A       100%        8


Dungeon Overview and Level Annotations

Branches:
Dungeon (7/15)             Temple (0/1) D:6

Shops:
D:6 [:


Innate Abilities, Weirdness & Mutations

Your attributes grow dramatically as you level up.
You have an increased reservoir of magic. (+10% MP)
You shall have no god before yourself.


Message History

The boulder beetle stops rolling and uncurls.
The gnoll closely misses you.
You climb upwards.
There is a stone staircase leading down here.
Casting: Searing Ray (safe; 1% risk of failure)
Confirm with . or Enter, or press ? or * to list all spells.
The spell is quite dangerous to cast (34% risk of failure)!
Continue anyway?
You erupt in a blast of force!
The mystic blast hits the gnoll.
The gnoll is moderately wounded.
The gnoll is knocked back by the mystic blast.
The gnoll slams into the rock wall!
The mystic blast hits the boulder beetle!
The boulder beetle is lightly wounded.
The boulder beetle is knocked back by the mystic blast.
Casting: Iskenderun's Mystic Blast (quite dangerous; 34% risk of failure)
Confirm with . or Enter, or press ? or * to list all spells.
The spell is quite dangerous to cast (34% risk of failure)!
Continue anyway?
You erupt in a blast of force!
The mystic blast hits the gnoll!
You kill the gnoll!
The mystic blast hits the boulder beetle but does no damage.
The boulder beetle is lightly wounded.
The boulder beetle bites you!!
Unknown command.
The boulder beetle barely misses you.
You climb downwards.
There is a stone staircase leading up here.
The boulder beetle bites you!
You climb upwards.
There is a stone staircase leading down, spattered with blood here.
The boulder beetle bites you.
* * * LOW HITPOINT WARNING * * *
You climb downwards.
There is a stone staircase leading up, spattered with blood here.
You feel much better. The boulder beetle bites you!
It was a potion of haste.
You feel yourself speed up. The boulder beetle bites you.
The boulder beetle curls into a ball and begins rolling!
The boulder beetle hits you!!!
Ouch! That really hurt!
You die...

...#...# #........ ...#...#
#.####### #..#...####
.########.......# ##..........
.........[#####.# ##.#....####
#######....####.# ...#.......
.................
...#....###############.##.####.#
...#...>................##.# #.#
...##.###### ##@.....####.# #.#
............ +B.....# ..# #.#
.........#######○.....# ..# #.#
............[.##°.....# ...# #.#
.........####.##°.....# ##+# .#
.........####.###....##
#####.#####..........# #.#
#.....○....# #.# #....°.....#


You could see a boulder beetle (rolling).

Vanquished Creatures
  Prince Ribbit (D:6)
  Menkaure (D:4)
  2 water moccasins (D:5)
  Duvessa (D:4)
  A sky beast (D:5)
  2 black bears (D:4)
  A necrophage (D:6)
  3 ogres
  A centaur (D:5)
  Blork the orc (D:4)
  3 water moccasin zombies
  Dowan (D:4)
  A howler monkey (D:5)
  5 hounds
  2 centaur skeletons
  3 orc priests
  2 bullfrog skeletons (D:6)
  2 gnoll shamans
  Natasha (thrice) (D:4)
  3 orc wizards
  11 gnolls
  4 adders
  2 white imps
  An ufetubus (D:4)
  An adder skeleton (D:4)
  4 worms
  3 dart slugs
  7 orcs
  5 ball pythons
  8 endoplasms
  3 giant cockroaches
  7 goblins
  7 hobgoblins
  6 kobolds
  5 quokkas
  8 bats
  3 frilled lizards
  8 rats
132 creatures vanquished.

Notes
Turn   | Place    | Note
-------+----------+-------------------------------------------
     0 | D:1      | bjtr the Demigod Conjurer began the quest for the Orb.
     0 | D:1      | Reached XP level 1. HP: 14/14 MP: 5/5
   375 | D:1      | Got Demotaung's Guide on Damaging Moulding
   587 | D:1      | Reached XP level 2. HP: 20/20 MP: 0/7
   590 | D:1      | Learned a level 2 spell: Searing Ray
  1523 | D:2      | Reached XP level 3. HP: 26/26 MP: 5/9
  2588 | D:3      | Reached XP level 4. HP: 33/33 MP: 6/10
  3674 | D:4      | Reached skill level 5 in Conjurations
  3674 | D:4      | Reached XP level 5. HP: 33/38 MP: 1/12
  3684 | D:4      | Noticed Duvessa
  3684 | D:4      | Noticed Dowan
  3686 | D:4      | Noticed a black bear
  3784 | D:4      | Noticed Natasha
  3789 | D:4      | Killed Natasha
  3790 | D:4      | Reached skill level 1 in Armour
  3804 | D:4      | Killed a black bear
  4038 | D:4      | Noticed a black bear
  4049 | D:4      | Killed a black bear
  4050 | D:4      | Reached skill level 2 in Armour
  4050 | D:4      | Reached XP level 6. HP: 38/46 MP: 3/14
  4140 | D:4      | Killed Dowan
  4144 | D:4      | Killed Duvessa
  4622 | D:4      | Reached skill level 3 in Armour
  4622 | D:4      | Reached XP level 7. HP: 51/51 MP: 8/16
  4855 | D:4      | Noticed Menkaure
  4906 | D:4      | Killed Menkaure
  4907 | D:4      | Reached skill level 1 in Fighting
  5195 | D:4      | Noticed Natasha
  5200 | D:4      | Killed Natasha
  5204 | D:4      | Noticed Natasha
  5210 | D:4      | Killed Natasha
  5211 | D:4      | Reached skill level 4 in Armour
  5487 | D:4      | Noticed Blork the orc
  5491 | D:4      | Killed Blork the orc
  5581 | D:5      | Entered Level 5 of the Dungeon
  5804 | D:5      | Reached skill level 5 in Armour
  5804 | D:5      | Reached XP level 8. HP: 45/59 MP: 9/17
  6134 | D:5      | Reached skill level 6 in Armour
  6851 | D:6      | Found a staircase to the Ecumenical Temple.
  7085 | D:6      | Noticed Prince Ribbit
  7096 | D:6      | Killed Prince Ribbit
  7569 | D:6      | Reached skill level 7 in Armour
  7699 | D:6      | Found Vajicad's Antique Armour Shoppe.
  7700 | D:6      | Found Ygahitum's Book Shoppe.
  8415 | D:7      | Reached XP level 9. HP: 67/67 MP: 12/19
  8420 | D:7      | Learned a level 4 spell: Iskenderun's Mystic Blast
  8479 | D:7      | Noticed a boulder beetle
  8773 | D:6      | Bought a book of Scorching for 330 gold pieces
  8776 | D:6      | Learned a level 2 spell: Scorch
  8781 | D:6      | Learned a level 4 spell: Flame Wave
  8826 | D:7      | Mangled by a boulder beetle

Illustrated notes

Levels and vault maps discovered:
D:1:      lightli_arrival_quake, layout_loops_ring,
          chequers_ecumenical_altar_island, amethyst_killhole,
          minmay_misc_feat_x
D:2:      layout_loops_cross
D:3:      minmay_spotlight, layout_basic, pf_just_have_faith, serial_glass,
          glass_columns_c, glass_columns_a, glass_columns_b, glass_columns_a
D:4:      layout_cave_pools, lemuel_doored_altar, uniq_menkaure, uniq_natasha,
          uniq_duvessa, uniq_blork_the_orc
D:5:      layout_basic, nicolae_wu_jian_wuxing_cycle
D:6:      layout_layer_cave, lemuel_round_altar,
          minmay_temple_entry_drinking_statues, nicolae_wooded_promenade,
          uniq_prince_ribbit1
D:7:      kennysheep_windowed_halls, layout_basic, ashenzari_altar_1,
          kennysheep_another_room

Skill      XL: |  1  2  3  4  5  6  7  8 |
---------------+-------------------------+-----
Conjurations   | 4 5 6 |  6.5
Spellcasting   | 2 3 4 |  4.9
Dodging        | 2 3 4 |  4.1
Armour         | 2 3 5 7 |  7.3
Fighting       | 1 2 |  2.1
Stealth        | |  1.7

Action                   |  1- 3 |  4- 6 |  7- 9 || total
-------------------------+-------+-------+-------++-------
Melee: Short sword       |    11 |    35 |       ||    46
       Scimitar          |       |       |    40 ||    40
 Fire: Hunting sling     |       |       |     4 ||     4
 Cast: Magic Dart        |    60 |    21 |     3 ||    84
       Searing Ray       |    11 |    22 |    47 ||    80
       Iskenderun's Myst |       |       |     2 ||     2
  Use: Scroll            |     4 |       |    11 ||    15
       Potion            |       |       |     2 ||     2
 Stab: Sleeping          |     1 |       |       ||     1
Armor: Robe              |     4 |       |       ||     4
       Ring mail         |       |    38 |    65 ||   103
Dodge: Dodged            |    22 |    43 |    59 ||   124

Table legend: (Time is in decaauts)
 A = Elapsed time spent in this place.
 B = Non-inter-level travel time spent in this place.
 C = Inter-level travel time spent in this place.
 D = Time resting spent in this place.
 E = Time spent auto-exploring this place.
 F = Levels seen in this place.
 G = Mean time per level.
                   A        B        C        D        E       F      G
               +--------+--------+--------+--------+--------+-----+--------+
         Total |   8845 |   8544 |    301 |   2447 |   4826 |   7 | 1263.6 |
       Dungeon |   8845 |   8544 |    301 |   2447 |   4826 |   7 | 1263.6 |
               +--------+--------+--------+--------+--------+-----+--------+

Top non-repeatable levels by time:
     D:6: 1757 daAuts
     D:3: 1688 daAuts
     D:4: 1516 daAuts
     D:1: 1322 daAuts
     D:5: 1063 daAuts
     D:2: 1059 daAuts
     D:7: 438 daAuts
